AoeStats
← Danigunner

African Clearing

513282138Analyzed
2v2 RM · 4d ago on Oct 12, 2026· 53m 40s· 4 players
Game mode
Random Map
Map size
Medium (4 player)
Population
200
Speed
Normal
Resources
Standard
Victory
Conquest
Starting age
Dark Age
Ending age
Imperial Age
RankedLock teamsTeams togetherTeam positionsShared explorationLock speedFull tech treeHidden civsTurbo modeCheats
Victory
Defeat
🇲🇽 Mongols · Mexico
931
+17
🇦🇷 Shu · Argentina
928
+17
vs
🇨🇱 Sicilians · Chile
964
-18
🇺🇸 Vietnamese · United States
924
-16
Danigunner
4:57 Loom
15:33 Feudal Age
18:05 Town Watch
20:46 Wheelbarrow
20:00 Horse Collar
20:06 Double-Bit Axe
23:27 Castle Age
24:26 Hand Cart
25:35 Husbandry
30:01 Gold Mining
30:28 Bloodlines
31:42 Gold Shaft Mining
31:50 Fletching
38:47 Imperial Age
36:21 Pikeman
40:40 Heavy Cavalry Archer
42:28 Chemistry
41:42 Heavy Plow
42:06 Bodkin Arrow
43:36 Bracer
43:39 Padded Archer Armor
44:27 Drill
45:21 Parthian Tactics
emignba
10:11 Loom
11:58 Feudal Age
13:18 Double-Bit Axe
17:13 Wheelbarrow
22:52 Castle Age
21:10 Gold Mining
40:10 Town Watch
47:53 Imperial Age
46:48 Horse Collar
rubeolay
15:01 Loom
17:55 Feudal Age
21:16 Double-Bit Axe
23:05 Scale Barding Armor
23:14 Bloodlines
24:15 Forging
27:52 Castle Age
30:49 Elite Skirmisher
31:35 Husbandry
37:37 Horse Collar
40:52 Fletching
41:38 Bodkin Arrow
43:00 Wheelbarrow
44:29 Padded Archer Armor
45:07 Iron Casting
44:24 Town Watch
47:49 Murder Holes
51:00 Chain Barding Armor
53:30 Leather Archer Armor
rodrigolbs
12:49 Loom
42:16 Feudal Age
46:54 Castle Age
Connection lost

Rejoining the realm…

Still unreachable

The connection could not be restored.

Session expired

The server has moved on; the page needs a fresh start.